 Dungeon Crawl Stone Soup version 0.32-a0-666-ge8a88695a4 (webtiles) character file.

Game seed: 7758199941710933492

97 Esekla the Ducker (level 4, -1/35 HPs)
             Began as a Mountain Dwarf Wanderer on Mar 9, 2024.
             Was a Follower of Beogh.
             Slain by an orc
             ... wielding a +0 flail
              (3 damage)
             ... on level 3 of the Dungeon.
             The game lasted 00:14:27 (2502 turns).

Esekla the Ducker (Mountain Dwarf Wanderer)         Turns: 2502, Time: 00:14:28

Health: -1/35      AC:  4    Str: 13    XL:     4   Next: 42%
Magic:  5/5        EV: 12    Int: 19    God:    Beogh [*.....]
Gold:   107        SH:  0    Dex: 12    Spells: 2/5 levels left

rFire   . . .        a - +0 hand axe
rCold   . . .        (no shield)
rNeg    . . .        c - +0 leather armour
rPois   .            d - +0 helmet
rElec   .            (no cloak)
rCorr   .            (no gloves)
SInv    .            (no boots)
Will    +....        (no amulet)
Stlth   +            h - +6 ring of intelligence
HPRegen 0.25/turn    i - ring of willpower
MPRegen 0.09/turn

%: no passive effects
@: no status effects
A: runic magic, artefact enchanting
a: Renounce Religion


You were on level 3 of the Dungeon.
You worshipped Beogh.
Beogh was aware of your devotion.
You visited 1 branch of the dungeon, and saw 3 of its levels.

You collected 107 gold pieces.

Inventory:

Hand Weapons
 a - a +0 hand axe (weapon)
 s - a +0 dagger
Missiles
 k - 2 poisoned darts (quivered)
Armour
 c - a +0 leather armour (worn)
 d - a +0 helmet (worn)
Jewellery
 h - a +6 ring of intelligence (left hand)
 i - a ring of willpower (right hand)
Scrolls
 f - a scroll of identify
Potions
 b - a potion of degeneration
 j - a potion of mutation


   Skills:
 * Level 1.4 Fighting
 * Level 0.8 Axes
 + Level 1.0 Throwing
 * Level 1.8 Armour
 + Level 4.1 Dodging
 * Level 1.3 Spellcasting
 * Level 0.6 Conjurations
 * Level 1.2 Translocations
 * Level 0.5 Air Magic
 + Level 1.6 Alchemy


You had 2 spell levels left.
You knew the following spells:

 Your Spells              Type           Power      Damage    Failure   Level
a - Sting                 Conj/Alch      20%        1d4       12%         1
b - Blink                 Tloc           12%        N/A       17%         2

Your spell library contained the following spells:

 Spells                   Type           Power      Damage    Failure   Level
 Lesser Beckoning         Tloc           12%        N/A       17%         2
 Mephitic Cloud           Conj/Alch/Air  4%         N/A       36%         3
 Leda's Liquefaction      Alch/Erth      2%         N/A       80%         4


Dungeon Overview and Level Annotations

Branches:
Dungeon (3/15)

Altars:
Gozag
Beogh

Annotations:
D:2 1 runed translucent door, Crazy Yiuf


Innate Abilities, Weirdness & Mutations

Your spellcasting is much less encumbered by armour.
You can use scrolls of enchantment on lesser artefacts.


Message History

You hit the giant cockroach.
You kill the giant cockroach!
Beogh accepts your kill.
Found 8 gold pieces.
Found 8 gold pieces.
You now have 99 gold pieces (gained 8).
You now have 107 gold pieces (gained 8).
Found a stone staircase leading down.
Found a stone staircase leading up.
There is a stone staircase leading down here.
The ball python hisses angrily.
You hit the ball python.
You kill the ball python!
Beogh accepts your kill.
The orc shouts!
The orc priest shouts!
The orc shouts!
You hit the orc.
The orc is heavily wounded.
The orc priest miscasts a cantrip.
The orc misses you.
You hit the orc.
The orc is severely wounded.
The orc hits you with a +0 flail.
You hit the orc priest but do no damage.
You hit the orc but do no damage.
The orc priest calls upon Beogh to heal the orc.
The orc's wounds heal themselves!
The orc closely misses you.
The orc priest miscasts a cantrip.
You barely miss the orc priest. You completely miss the orc.
The orc hits you with a +0 flail! The orc priest hits you with a +0 mace.
The orc priest calls down the wrath of Beogh upon you.
Beogh smites you!
* * * LOW HITPOINT WARNING * * *
The orc misses you. The orc attacks as it pursues you! The orc misses you.
The orc attacks as it pursues you! The orc hits you but does no damage.
The orc priest invokes the aid of Beogh against you.
Beogh smites you!
* * * LOW HITPOINT WARNING * * *
The orc attacks as it pursues you! The orc hits you with a +0 flail.
You die...

.%......##.####................#
........##.o.o.......#.#.##.####
o.......########.....#.#.##.#
###.....# #oo...# #.##.# #.....#
#.#...#.#.##.# #+####
#.#.>.#.#.##.# #.###........#
#o###.###.#### #@........#
#<###.##### ### #.# ###


You could see an orc priest and 2 orcs.

Vanquished Creatures
  2 adders (D:2)
  A white imp (D:3)
  5 dart slugs
  A ribbon worm (D:2)
  An orc (D:3)
  5 ball pythons
  8 bats
  5 endoplasms
  A giant cockroach (D:3)
  3 goblins
  5 hobgoblins
  4 jackals (D:2)
  6 kobolds
  2 quokkas
  6 frilled lizards
  4 rats
59 creatures vanquished.

Vanquished Creatures (others)
  A rat (D:1)
1 creature vanquished.

Grand Total: 60 creatures vanquished

Notes
Turn   | Place    | Note
-------+----------+-------------------------------------------
     0 | D:1      | Esekla the Mountain Dwarf Wanderer began the quest for the
                  | Orb.
     0 | D:1      | Esekla set off with the following items: a +0 club, a
                  | potion of berserk rage, a +0 leather armour, a +0 helmet;
                  | and the following spell memorised: Sting; and the following
                  | spells available to memorise: Blink, Lesser Beckoning,
                  | Mephitic Cloud, Leda's Liquefaction.
     0 | D:1      | Reached XP level 1. HP: 14/14 MP: 2/2
   100 | D:1      | Reached XP level 2. HP: 17/20 MP: 3/3
   137 | D:1      | Reached skill level 4 in Dodging
   153 | D:1      | Learned a level 2 spell: Blink
   626 | D:1      | Reached XP level 3. HP: 27/27 MP: 4/4
  1131 | D:2      | Reached skill level 1 in Fighting
  1155 | D:2      | Reached skill level 1 in Armour
  1448 | D:2      | Reached XP level 4. HP: 16/35 MP: 5/5
  1612 | D:2      | Found a runed translucent door.
  1613 | D:2      | Noticed Crazy Yiuf
  1812 | D:2      | Found an opulent altar of Gozag.
  2109 | D:3      | Found a faded altar of an unknown god.
  2113 | D:3      | Prayed at the altar of an unknown god.
  2113 | D:3      | Became a worshipper of Beogh the Shepherd
  2113 | D:3      | Reached * piety under Beogh
  2502 | D:3      | Slain by an orc

Illustrated notes

Levels and vault maps discovered:
D:1:      giann_bridges, layout_rooms, serial_co_window_serial,
          co_window_paths_a, co_window_paths_b, co_window_paths_b,
          co_window_paths_b, co_window_paths_a, co_window_of_opportunity_a,
          co_window_of_opportunity_a, co_window_corner_a, co_window_paths_a,
          co_window_broadway_b, co_window_broadway_a, co_window_corner_b,
          co_window_4corner_b, co_window_paths_d, minmay_misc_feat_rugged,
          serial_park_tiny_pond
D:2:      layout_loops_cross, basic_altar, st_stairs_12, uniq_crazy_yiuf_cottage
D:3:      layout_basic, ebering_ecumenical_altar_rust, uniq_jessica

Skill      XL: |  1  2  3 |
---------------+----------+-----
Dodging        | 4 |  4.1
Fighting       | 1 |  1.4
Armour         | 1 |  1.8
Axes           | |  0.8
Throwing       | |  1.0
Spellcasting   | |  1.3
Conjurations   | |  0.6
Translocations | |  1.2
Air Magic      | |  0.5
Alchemy        | |  1.6

Action                     |  1- 3 |  4- 6 || total
---------------------------+-------+-------++-------
  Melee: Club              |   261 |    11 ||   272
         Hand axe          |       |    59 ||    59
   Cast: Sting             |     1 |       ||     1
    Use: Potion            |     2 |     1 ||     3
         Scroll            |       |     5 ||     5
   Stab: Sleeping          |       |     1 ||     1
 Armour: Leather armour    |   162 |    49 ||   211
  Dodge: Dodged            |   227 |    47 ||   274

Table legend: (Time is in decaauts)
 A = Elapsed time spent in this place.
 B = Non-inter-level travel time spent in this place.
 C = Inter-level travel time spent in this place.
 D = Time resting spent in this place.
 E = Time spent auto-exploring this place.
 F = Levels seen in this place.
 G = Mean time per level.
                   A        B        C        D        E       F      G
               +--------+--------+--------+--------+--------+-----+--------+
         Total |   2615 |   2582 |     33 |    263 |    766 |   3 |  871.7 |
       Dungeon |   2615 |   2582 |     33 |    263 |    766 |   3 |  871.7 |
               +--------+--------+--------+--------+--------+-----+--------+

Top non-repeatable levels by time:
     D:2: 1255 daAuts
     D:1: 1073 daAuts
     D:3: 286 daAuts
